 Dungeon Crawl Stone Soup version 0.21-a0-94-gdd6ab6a (webtiles) character file.

269 4thArraOfDagon the Vexing (level 6, -4/41 HPs)
             Began as a Mummy Enchanter on July 3, 2017.
             Was an Initiate of Ru.
             Slain by an ogre
             ... wielding a +0 giant club
              (23 damage)
             ... on level 4 of the Dungeon.
             The game lasted 00:09:12 (3377 turns).

4thArraOfDagon the Vexing (Mummy Enchanter)         Turns: 3377, Time: 00:09:13

Health: -4/41      AC:  5    Str: 11    XL:     6   Next: 1%
Magic:  6/10       EV: 10    Int: 16    God:    Ru [......]
Gold:   187        SH:  0    Dex: 13    Spells: 4/10 levels left

rFire    x . .     SeeInvis .   f - +1 dagger (venom)
rCold    + + .     Gourm    .   (no shield)
rNeg     + + +     Faith    .   d - +0 ring mail
rPois    ∞         Spirit   .   (no helmet)
rElec    .         Reflect  .   (no cloak)
rCorr    .         Harm     .   (no gloves)
MR       .....                  (no boots)
Stlth    ..........             (no amulet)
HPRegen  0.13/turn              k - ring of protection from cold
MPRegen  0.12/turn              (no ring)

@: no status effects
A: no food or potions, fire vulnerability, cold resistance 1, negative energy
resistance 3, torment resistance, unbreathing, no stealth
a: Renounce Religion


You were on level 4 of the Dungeon.
You worshipped Ru.
Ru was noncommittal.
You were not hungry.

You visited 2 branches of the dungeon, and saw 6 of its levels.

You collected 187 gold pieces.

Inventory:

Hand Weapons
 a - a +1 dagger
 f - a +1 dagger of venom (weapon)
Armour
 b - a +0 robe
 d - a +0 ring mail (worn)
Jewellery
 k - a ring of protection from cold (left hand)
Wands
 h - a wand of polymorph (14/24)
Scrolls
 e - a scroll of recharging {unknown}
 g - 4 scrolls of teleportation {unknown}
 i - 2 scrolls of identify {unknown}
 j - a scroll of enchant armour {unknown}
 l - 2 scrolls of amnesia {unknown}
 n - a scroll of noise {unknown}
 o - a scroll of magic mapping {unknown}
Books
 c - a book of Maledictions

   Spells                             Type                      Level
   a - Corona                         Hexes                        1
   b - Ensorcelled Hibernation        Hexes/Ice                    2
   c - Confuse                        Hexes                        3
   d - Tukima's Dance                 Hexes                        3
   e - Dazzling Spray                 Conjuration/Hexes            3


   Skills:
 - Level 3.4 Short Blades
 - Level 1.5 Dodging
   Level 0.0 Stealth
 - Level 2.6 Spellcasting
 + Level 4.7 Hexes


You had 4 spell levels left.
You knew the following spells:

 Your Spells              Type           Power        Failure   Level  Hunger
a - Corona                Hex            ###....      7%          1    N/A
b - Ensorcelled Hibernat  Hex/Ice        #.....       26%         2    N/A
c - Confuse               Hex            ###.....     21%         3    N/A

Dungeon Overview and Level Annotations

Branches:
Dungeon (5/15)             Temple (1/1) D:5

Altars:
Ashenzari
Cheibriados
Dithmenos
Elyvilon
Fedhas
Gozag
Hepliaklqana
Kikubaaqudgha
Nemelex Xobeh
Okawaru
Qazlal
Ru
Sif Muna
Trog
Wu Jian
Xom
Yredelemnul
Zin
The Shining One


Innate Abilities, Weirdness & Mutations

You do not eat or drink.
Your flesh is vulnerable to fire.
You are immune to poison.
Your flesh is cold resistant. (rC+)
You are immune to negative energy. (rN+++)
You are immune to unholy pain and torment.
You can survive without breathing.
You cannot be stealthy.


Message History

The ogre is moderately wounded.
Unknown command.
Throwing (i - inventory):
m - a javelin (quivered)
Press: ? - help, Shift-Dir - straight line, f/p - ogre
Aim: an ogre, wielding a giant club (heavily wounded, poisoned, confused)
You throw a javelin. The javelin hits the ogre.
The ogre is severely wounded.
Unknown command.
The ogre seems less confused.
Unknown command.
You barely miss the ogre.
The ogre is severely wounded.
The ogre hits you with a giant club!
Unknown command.
Unknown command.
You hit the ogre.
The ogre looks as sick as possible!
The ogre is almost dead.
The ogre hits you with a giant club!!
Ouch! That really hurt!
You die...

### #.# ..## #.#
# #.###.# #.
#.....# # #
#.###.##### #?.
#. #...##
#...#(# ##.##
......(#######.#
............O@.#
.(.....#########
(...### #.. #


You could see an ogre.

Vanquished Creatures
  A sky beast (D:5)
  An orc priest (D:3)
  A worker ant (D:4)
  4 adders
  An adder skeleton (D:5)
  A worm (D:2)
  4 leopard geckos
  2 orcs (D:3)
  4 ball pythons
  2 giant cockroaches
  11 goblins
  5 hobgoblins
  10 jackals
  3 quokkas
  5 bats
  7 frilled lizards
  4 kobolds
  7 rats
73 creatures vanquished.

Notes
Turn   | Place    | Note
-------+----------+-------------------------------------------
     0 | D:1      | 4thArraOfDagon the Mummy Enchanter began the quest for the Orb.
     0 | D:1      | Reached XP level 1. HP: 13/13 MP: 4/4
    40 | D:2      | Found a shadowy altar of Dithmenos.
    98 | D:3      | Reached skill level 1 in Short Blades
    98 | D:3      | Reached XP level 2. HP: 8/19 MP: 5/5
   298 | D:3      | Learned a level 2 spell: Ensorcelled Hibernation
   317 | D:4      | Reached XP level 3. HP: 16/24 MP: 7/7
   434 | D:4      | Learned a level 3 spell: Confuse
   452 | D:5      | Entered Level 5 of the Dungeon
   635 | D:5      | Found a staircase to the Ecumenical Temple.
   644 | Temple   | Entered the Ecumenical Temple
   731 | Temple   | Became a worshipper of Ru the Awakened
   767 | D:5      | Noticed a sky beast
   770 | D:5      | Found a deep blue altar of Sif Muna.
  1018 | D:5      | Killed a sky beast
  1018 | D:5      | Reached skill level 3 in Hexes
  1018 | D:5      | Reached XP level 4. HP: 23/30 MP: 2/8
  1106 | D:3      | Reached XP level 5. HP: 31/35 MP: 9/9
  1452 | D:1      | Reached skill level 4 in Hexes
  2301 | D:2      | Found a bloodstained altar of Trog.
  2303 | D:2      | Found an ancient bone altar of Kikubaaqudgha.
  2303 | D:2      | Found an iron altar of Okawaru.
  2303 | D:2      | Found an ornate altar of the Wu Jian Council.
  2304 | D:2      | Found a glowing golden altar of the Shining One.
  2367 | D:2      | Gained mutation: You cannot be stealthy. [Ru sacrifice]
  3114 | D:3      | Reached XP level 6. HP: 32/41 MP: 10/10
  3377 | D:4      | Slain by an ogre

Vault maps used:
D:1:      dpeg_arrival_round_a
D:2:      grunt_temple_overflow_open, st_stairs_6,
          grunt_dithmenos_smoke_and_mirrors
D:3:      cheibrodos_old_hovel, first_bread
D:4:      uniq_blork_the_orc, uniq_pikel
D:5:      grunt_temple_overflow_lords_of_destruction, old_standard_altar,
          minmay_temple_entry_poolview, serial_shops, shop, fedhas_altar_4
Temple:   nicolae_temple_figure_eight

Skill      XL: |  1  2  3  4  5 |
---------------+----------------+-----
Short Blades   | 1 2 3 |  3.4
Hexes          | 3 4 |  4.7
Stealth        | 0 |  0.0
Dodging        | |  1.5
Spellcasting   | |  2.6

Action                   |  1- 3 |  4- 6 || total
-------------------------+-------+-------++-------
Melee: Dagger            |    51 |   229 ||   280
Throw: Javelin           |       |     7 ||     7
 Cast: Corona            |     1 |       ||     1
       Confuse           |     3 |     2 ||     5
Invok: Sacrifice Stealth |       |     1 ||     1
 Stab: Sleeping          |     1 |     2 ||     3
Armor: Ring mail         |    21 |    70 ||    91
Dodge: Dodged            |    21 |   110 ||   131
